 BcadrenCrawl: Boulder Brew version 0.04.21-209-g19e16bb646 (webtiles) character file.

Game seed: 3016811815979707409, levelgen mode: deterministic

54665 st0uf the Brawler (level 14, -6/124 HPs) Bone Draconian Demonspawn. Began on May 25, 2021. Was the Champion of Okawaru. Splashed by a small abomination's acid (7 damage) ... in a Gauntlet. The game lasted 00:47:58 (9030 turns).

st0uf the Brawler (Bone Draconian Demonspawn)       Turns: 9030, Time: 00:47:58

Health: -6/124     AC: 18    Str: 18    XL:     14 ^: 24782
Magic:  16/23      EV: 22    Int: 17    God:    Okawaru [6* [192]]
Gold:   1193       SH:  0    Dex: 10    Spells: 23/24 levels left

rFire    + + +     Vision   .     - Unarmed
rCold    + . .     Gourm    .     - Unarmed
rNeg     . . .     Faith    .   (no armour)
rPois    ∞         Spirit   .   (helmet restricted)
rElec    .         Reflect  .   z - scarf {rC+ rF+}
rCorr    .         Harm     .   (no gloves)
MR       +....     NoTele   +   (boots unavailable)
Stlth    +++.......             (no amulet)
HPRegen  1.51/turn              b - ring of evasion
MPRegen  0.33/turn              (no ring)

@: lethally poisoned (-6 -> -6), heroism, finesse, corroded, studying 2 skills
A: molten scales, fire resistance 1, powered by death 2, cold-blooded, flame
cloud immunity, frog legs 2, boosted short blades aptitude, boosted bows
aptitude, boosted stealth aptitude, charms and earth enhancers 2, AC+++,
rShatter-, AC +18
a: Hop, Breathe Bone Shards, Heroism, Finesse, Renounce Religion


You were in a Gauntlet.
You worshipped Okawaru.
Okawaru was exalted by your worship.
You were not hungry.

You visited 3 branches of the dungeon, and saw 13 of its levels.
You also visited: Gauntlet.

You collected 1193 gold pieces.

Inventory:

Armour
 z - a scarf of resistance (worn)
Jewellery
 b - a ring of evasion (left hand)
 d - a cursed ring of strength {(Curse: rF-)}
 e - a cursed ring of protection from magic {(Curse: *Slow)}
 i - the ring "Wigampiasm" {rC- rN+ MR+ Int+6 Stlth+}
   (You took it off a gnoll on level 4 of the Dungeon)

   [ring of protection from magic]

   It affects your intelligence (+6).
   It makes you vulnerable to cold.
   It protects you from negative energy.
   It affects your resistance to hostile enchantments.
   It makes you more stealthy.
 q - a cursed ring of dexterity {(Curse: rF-)}
 v - an uncursed ring of intelligence
 x - an uncursed ring of ice
Wands
 j - a wand of iceblast (18)
 k - a wand of acid (7)
 m - a wand of flame (21)
 o - a wand of polymorph (10)
 r - a wand of hasting (3)
 t - a wand of scattershot (6)
 w - a wand of clouds (10)
 y - a wand of ensnaring (11)
Scrolls
 a - 8 scrolls of fog
 f - 5 scrolls of amnesia
 g - 3 scrolls of enchantment
 l - 3 scrolls of bless item
 n - 6 scrolls of teleportation
 p - a scroll of blinking
 s - a scroll of magic mapping
Miscellaneous
 u - a box of beasts
Comestibles
 c - 28 rations


   Skills:
 * Level 11.6(16.6) Fighting
 + Level 6.1(11.1) Dodging
 - Level 2.6(7.6) Stealth
 + Level 15.9(20.9) Unarmed Combat
 - Level 5.9 Spellcasting
 - Level 1.5 Fire Magic
 * Level 12.5 Invocations


You had 23 spell levels left.
You knew the following spells:

 Your Spells              Type           Power        Failure   Level  Hunger
a - Flame Tongue          Fire           10 (30)      7%          1    N/A

Your spell library contained the following spells:

 Spells                   Type           Power        Failure   Level  Hunger
 Confusing Touch          Hex            5 (50)       13%         1    N/A
 Blink                    Tloc           N/A          21%         2    N/A
 Call Imp                 Summ           5 (100)      21%         2    N/A
 Slow                     Hex            5 (100)      21%         2    N/A
 Conjure Flame            Fire           10 (100)     21%         3    N/A
 Confuse                  Hex            5 (100)      36%         3    N/A
 Gell's Gravitas          Tloc           5 (200)      36%         3    N/A
 Mephitic Cloud           Pois/Air       5 (100)      36%         3    N/A
 Petrify                  Tmut/Erth      11 (100)     78%         4    N/A
 Irradiate                Tmut/Pois      5 (200)      98%         5    N/A
 Yara's Violent Unravell  Hex/Tmut       5 (200)      98%         5    N/A
 Cigotuvi's Degeneration  Tmut/Necr      5 (200)      100%        6    N/A
 Dragon Form              Tmut           5 (200)      100%        7    N/A
 Infestation              Tmut/Pois      5 (200)      100%        7    N/A
 Statue Form              Tmut/Erth      Unusable     N/A         6    N/A

Dungeon Overview and Level Annotations

Branches:
Dungeon (6/8)              Temple (1/1) D:4            Lair (6/6) D:5
  Swamp (0/4) Lair:3        Snake (0/4) Lair:3        Slime (0/5) Lair:6
    Orc (0/2) D:6         Gauntlet (1/1)

Altars:
Ashenzari
Cheibriados
Dithmenos
Fedhas Madash
Gozag Ym Sagoz
Hepliaklqana
Kikubaaqudgha
Makhleb
Okawaru
Ru
Sif Muna
Trog
Uskayaw
Vehumet
Xom
Zin
The Shining One

Shops:
D:3 %

Annotations:
D:4 3 runed translucent doors, Chiseanne's ghost, novice GoDs; Darold's ghost, journeyman KoHu; Tenar's ghost, novice BaDs; diana's ghost, novice KoHu; t4s4d4r's ghost, novice DrNo Gauntlet , 17 runed translucent doors, 2 transporters


Innate Abilities, Weirdness & Mutations

Your scales are resilient. (AC +18)
Your connection to dragons allows you to use the spell dragon form, despite your undead form not otherwise being capable of transmutation.
You can breathe shards of bone.
You are immune to poison.
You are covered in molten scales. (rF+, AC +4)
You are heat resistant. (rF+)
You regenerate health from kills.
You are cold-blooded and are slowed more easily by cold attacks.
You are immune to clouds of flame.
Your frog legs can swim and hop long distances.
You are naturally skilled at Short Blades (Aptitude +3).
You are naturally skilled at Bows (Aptitude +3).
You are naturally skilled at Stealth (Aptitude +3).
You are strongly in touch with the powers of charms and the earth.
Your tough skeletal form vastly boosts your defenses. (AC+++)
However; you are also weak to shatter and Lee's Rapid Deconstruction.


Message History

You pummel the small abomination (19)!! You punch the small abomination (10)!
The small abomination is moderately damaged. (109/138) HP The small abomination slaps you with a mass of organs, mostly eyeballs (15)!
You are engulfed in flames (3).
You partially resist.
The small abomination hits you but does no damage.
The small abomination engulfs you in a gooey mixture of blood and acidic bile (8)!
The acid corrodes you!
You are splashed with acid (10)!
The small abomination pecks you with a deformed face (4).
You gain the combat prowess of a mighty hero.
The small abomination misses you (0).
The small abomination closely misses you (0).
The small abomination slaps you with a mass of organs, mostly eyeballs (1).
You are engulfed in flames (4).
You partially resist.
The small abomination hits you with a whip of exposed bone (52)!!!
* * * LOW HITPOINT WARNING * * *
You can now deal lightning-fast blows.
The small abomination engulfs you in a gooey mixture of blood and acidic bile (5).
* * * LOW HITPOINT WARNING * * *
You are splashed with acid (7)!
You die...

.#.##########################
.#.#≈§8≈≈#©.........©........
##.##########################
..©...........©#≈≈≈≈8≈≈≈≈#©..
#############################
....#..#.#.....x...#.#.......
...#...#.#...###...#.#.......
...#...#.#....#.xx.#.#.#####
#©#....#.#.#..#©@#.#.##.#.#.
.###..s#.#.#######.#.#..
..#.##.#.#.#. #.#.#.# ..#.#.#
..#.#.. ..#.#.. ###.###
......§


You could see 3 small abominations.

Vanquished Creatures
  Rupert (Lair:3)
  A chaos butterfly (Lair:5)
  Josephine (D:5)
  A catoblepas (Lair:6)
  2 boulder beetles
  A deep troll shaman (Lair:6)
  Nergalle (D:5)
  6 hydras
  A worldbinder (Gauntlet)
  4 death yaks (Lair:6)
  23 giraffes
  Joseph (D:4)
  Maurice (D:4)
  A molten gargoyle (D:3)
  A gargoyle (D:6)
  4 black mambas
  An ugly thing (D:6)
  13 spiny frogs
  13 elephants
  2 bog bodies (Lair:3)
  A small abomination (Gauntlet)
  8 komodo dragons
  7 wraiths
  A raiju (Gauntlet)
  13 dream sheep
  4 hippogriffs
  2 steam dragons (Gauntlet)
  8 blink frogs
  4 flying skulls (D:3)
  3 wyverns
  2 basilisks
  4 guardian mummies
  13 yaks
  5 slime creatures
  4 phantoms
  14 water moccasins
  An orc warrior (D:5)
  9 porcupines
  3 scorpions
  2 sky beasts (D:5)
  An ice beast (D:5)
  5 black bears
  6 ogres
  2 boggarts (Gauntlet)
  23 wolves
  14 crocodiles
  4 big kobolds
  15 bullfrogs
  5 centaurs
  A howler monkey (D:5)
  4 killer bees (D:5)
  4 wights (D:4)
  3 hounds
  12 jellies
  2 gnoll shamans
  An iguana (D:3)
  5 mummies (D:3)
  4 orc wizards
  5 worker ants
  A water moccasin skeleton (D:5)
  A wyvern skeleton (D:5)
  2 giant cockroaches
  A porcupine zombie (D:3)
  4 bullfrog zombies
  5 bullfrog skeletons
  A porcupine skeleton (D:5)
  8 gnolls
  A shadow imp (D:4)
  11 adders
  32 sewer rats
  A white imp (D:4)
  6 cinder newts
  3 worms
  A hound zombie (D:3)
  5 hound skeletons
  18 oozes
  10 leopard geckos
  12 orcs
  2 adder skeletons
  An adder zombie (D:3)
  3 ball pythons
  A cinder newt skeleton (D:2)
  4 goblins (D:1)
  2 hobgoblins (D:1)
  3 jackals (D:3)
  12 kobolds
  4 quokkas
  6 bats
  A bat skeleton (D:2)
  A goblin skeleton (D:2)
  A leopard gecko skeleton (D:2)
  An orc skeleton (D:2)
  A quokka skeleton (D:5)
  2 rats
  A fungus (Lair:5)
  A plant (Lair:6)
  5 withered plants (D:2)
478 creatures vanquished.

Vanquished Creatures (others)
  A wyvern (Lair:6)
  A human (D:5)
  A giant cockroach (D:2)
  2 sewer rats (D:2)
  2 leopard geckos (D:2)
  2 kobolds (D:2)
  A kobold skeleton (D:2)
  3 fungi
  A giant blowfly (D:2)
  2 plants
  2 slimeheads (D:2)
  89 withered plants (D:2)
107 creatures vanquished.

Grand Total: 585 creatures vanquished

Notes
Turn   | Place    | Note
-------+----------+-------------------------------------------
     0 | D:1      | st0uf the Immature Draconian Demonspawn began the quest for
                  | the Orb.
     0 | D:1      | Reached XP level 1. HP: 16/16 MP: 3/3
    96 | D:1      | Found a shimmering altar of Xom.
   135 | D:1      | Gained mutation: Your frog legs can swim and hop short
                  | distances. [demonic ancestry]
   135 | D:1      | Reached XP level 2. HP: 23/23 MP: 4/4
   254 | D:1      | Reached skill level 2 in Unarmed Combat
   261 | D:1      | Reached XP level 3. HP: 29/29 MP: 5/5
   782 | D:2      | Gained mutation: You regenerate a little health from kills.
                  | [demonic ancestry]
   782 | D:2      | Reached XP level 4. HP: 36/36 MP: 7/7
  1226 | D:1      | Gained mutation: You are covered in molten scales. (rF+, AC
                  | +4) [demonic ancestry]
  1226 | D:1      | Reached XP level 5. HP: 33/42 MP: 8/8
  1262 | D:2      | Reached skill level 3 in Unarmed Combat
  1346 | D:2      | Reached XP level 6. HP: 48/50 MP: 10/10
  1805 | D:2      | Reached skill level 4 in Unarmed Combat
  1881 | D:2      | Noticed a water moccasin
  1892 | D:2      | Killed a water moccasin
  1892 | D:2      | Reached XP level 7. HP: 50/57 MP: 11/13
  1892 | D:2      | Gained mutation: You regenerate health from kills. [demonic
                  | ancestry]
  1892 | D:2      | Gained mutation: Your tough skeletal form vastly boosts
                  | your defenses. (AC+++)
                  | However; you are also weak to shatter and Lee's Rapid
                  | Deconstruction. [Bone Draconian growth]
  1892 | D:2      | Gained mutation: You are strongly in touch with the powers
                  | of charms and the earth. [Bone Draconian growth]
  2199 | D:3      | Reached skill level 5 in Unarmed Combat
  2199 | D:3      | Reached skill level 5 in Spellcasting
  2302 | D:3      | Gained mutation: Your frog legs can swim and hop long
                  | distances. [demonic ancestry]
  2302 | D:3      | Reached XP level 8. HP: 67/67 MP: 15/15
  2305 | D:3      | Found Gasock's Food Shoppe.
  2550 | D:3      | Reached skill level 6 in Unarmed Combat
  2618 | D:3      | Reached skill level 5 in Fighting
  2730 | D:3      | Noticed a wraith
  2739 | D:3      | Killed a wraith
  2754 | D:3      | Reached skill level 7 in Unarmed Combat
  2906 | D:3      | Noticed a molten gargoyle
  2913 | D:3      | Reached XP level 9. HP: 69/74 MP: 17/17
  2934 | D:3      | Reached skill level 8 in Unarmed Combat
  2938 | D:3      | Killed a molten gargoyle
  3036 | D:3      | Reached skill level 9 in Unarmed Combat
  3122 | D:4      | Noticed diana's ghost (novice KoHu)
  3123 | D:4      | Noticed t4s4d4r's ghost (novice DrNo)
  3124 | D:4      | Noticed Darold's ghost (journeyman KoHu)
  3127 | D:4      | Noticed Tenar's ghost (novice BaDs)
  3128 | D:4      | Noticed Chiseanne's ghost (novice GoDs)
  3141 | D:4      | Identified the ring "Wigampiasm" {rC- rN+ MR+ Int+6 Stlth+}
  3153 | D:4      | Noticed Maurice
  3169 | D:4      | Killed Maurice
  3169 | D:4      | Gained mutation: You are naturally skilled at Bows
                  | (Aptitude +3). [draconic bloodline]
  3169 | D:4      | Gained mutation: You are heat resistant. (rF+) [demonic
                  | ancestry]
  3169 | D:4      | Reached XP level 10. HP: 86/86 MP: 18/18
  3202 | D:4      | Noticed Joseph
  3220 | D:4      | Killed Joseph
  3343 | D:4      | Found a runed translucent gate.
  3344 | D:4      | Found a runed translucent gate.
  3344 | D:4      | Found a runed translucent gate.
  3505 | D:4      | Reached skill level 10 in Unarmed Combat
  3542 | D:4      | Found a staircase to the Ecumenical Temple.
  3552 | Temple   | Entered the Ecumenical Temple
  3604 | Temple   | Became a worshipper of Warmaster Okawaru
  3652 | D:5      | Entered Level 5 of the Dungeon
  3713 | D:5      | Reached * piety under Okawaru
  3768 | D:5      | Found a staircase to the Lair.
  3880 | D:5      | Found a glowing golden altar of the Shining One.
  3881 | D:5      | Found a shattered altar of Ashenzari.
  3886 | D:5      | Received a gift from Okawaru
  4105 | D:5      | Found an ancient bone altar of Kikubaaqudgha.
  4114 | D:5      | Reached ** piety under Okawaru
  4119 | D:5      | Reached skill level 11 in Unarmed Combat
  4185 | D:5      | Noticed Josephine
  4187 | D:5      | Reached skill level 5 in Invocations
  4195 | D:5      | Killed Josephine
  4195 | D:5      | Reached XP level 11. HP: 91/94 MP: 19/19
  4202 | D:5      | Received a gift from Okawaru
  4204 | D:5      | Reached *** piety under Okawaru
  4215 | D:5      | Found a glowing golden altar of the Shining One.
  4550 | D:5      | Noticed Nergalle
  4566 | D:5      | Killed Nergalle
  4616 | Lair:1   | Entered Level 1 of the Lair of Beasts
  4621 | Lair:1   | Reached **** piety under Okawaru
  4784 | Lair:1   | Reached skill level 12 in Unarmed Combat
  4789 | Lair:1   | Noticed a seven-headed hydra
  4796 | Lair:1   | Killed a seven-headed hydra
  4865 | Lair:1   | Received a gift from Okawaru
  4910 | Lair:1   | Reached skill level 5 in Dodging
  4969 | Lair:1   | Reached ***** piety under Okawaru
  5039 | Lair:1   | Noticed a boulder beetle
  5052 | Lair:1   | Killed a boulder beetle
  5052 | Lair:1   | Gained mutation: You are naturally skilled at Stealth
                  | (Aptitude +3). [draconic bloodline]
  5052 | Lair:1   | Reached XP level 12. HP: 69/104 MP: 20/20
  5359 | Lair:2   | Reached skill level 13 in Unarmed Combat
  5558 | Lair:2   | Reached ****** piety under Okawaru
  5558 | Lair:2   | Received a gift from Okawaru
  5936 | Lair:3   | Identified the +4 quarterstaff of Zin's Castigation {crush,
                  | -Vis +Blink rElec rC++}
  6011 | Lair:3   | Identified the +6 arbalest "Goblinbane" {venom, Str+3}
                  | (Okawaru gifted it to you on level 3 of the Lair of Beasts)
  6011 | Lair:3   | Received a gift from Okawaru
  6011 | Lair:3   | Reached skill level 10 in Fighting
  6027 | Lair:3   | Noticed Rupert
  6035 | Lair:3   | Killed Rupert
  6036 | Lair:3   | Reached skill level 10 in Invocations
  6045 | Lair:3   | Found a staircase to the Snake Pit.
  6053 | Lair:3   | Reached skill level 14 in Unarmed Combat
  6057 | Lair:3   | Found a staircase to the Swamp.
  6085 | Lair:3   | Gained mutation: You are strongly in touch with the powers
                  | of charms and the earth. [Bone Draconian growth]
  6085 | Lair:3   | Reached XP level 13. HP: 114/114 MP: 21/21
  6179 | Lair:3   | Received a gift from Okawaru
  6898 | Lair:4   | Received a gift from Okawaru
  7185 | Lair:5   | Identified the +6 dagger of Psychosis {molten, rF++}
  7624 | Lair:5   | Reached skill level 15 in Unarmed Combat
  7765 | Lair:6   | Connectivity tunneler affected grunt_lair_end_beastmaster.
  7765 | Lair:6   | Entered Level 6 of the Lair of Beasts
  7939 | Lair:6   | Received a gift from Okawaru
  7957 | Lair:6   | Gained mutation: You are naturally skilled at Short Blades
                  | (Aptitude +3). [draconic bloodline]
  7957 | Lair:6   | Gained mutation: You are immune to clouds of flame.
                  | [demonic ancestry]
  7957 | Lair:6   | Reached XP level 14. HP: 69/124 MP: 22/22
  7998 | Lair:6   | Identified the cursed +5 tanto "Favicre" {molten, rPois,
                  | (Curse: MR-)}
  8258 | Lair:6   | Found a staircase to the Slime Pits.
  8901 | D:6      | Found a gate leading to a gauntlet.
  8910 | Gauntlet | Entered a Gauntlet
  8910 | Gauntlet | Found a transporter.
  8910 | Gauntlet | Found a large runed translucent door.
  8910 | Gauntlet | Found a large runed translucent door.
  8910 | Gauntlet | Found a large runed translucent door.
  8910 | Gauntlet | Found a large runed translucent door.
  8910 | Gauntlet | Found a runed translucent door.
  8910 | Gauntlet | Found a runed translucent door.
  8910 | Gauntlet | Found a large runed translucent door.
  8910 | Gauntlet | Found a large runed translucent door.
  8910 | Gauntlet | Found a large runed translucent door.
  8910 | Gauntlet | Found a large runed translucent door.
  8910 | Gauntlet | Found a large runed translucent door.
  8910 | Gauntlet | Found a large runed translucent door.
  8911 | Gauntlet | Found a large runed translucent door.
  8911 | Gauntlet | Found a large runed translucent door.
  8912 | Gauntlet | Found a large runed translucent door.
  8912 | Gauntlet | Found a large runed translucent door.
  8912 | Gauntlet | Found a large runed translucent door.
  8912 | Gauntlet | Found a large runed translucent door.
  8913 | Gauntlet | Found a runed translucent gate.
  8913 | Gauntlet | Found a runed translucent gate.
  8913 | Gauntlet | Found a runed translucent gate.
  8914 | Gauntlet | Found a transporter.
  8919 | Gauntlet | Found a transporter.
  8919 | Gauntlet | Found a transporter.
  8934 | Gauntlet | Found a transporter.
  8942 | Gauntlet | Found a transporter.
  8961 | Gauntlet | Found a transporter.
  9029 | Gauntlet | HP: 5/124 [small abomination (52)]
  9030 | Gauntlet | HP: 1/124 [small abomination (5)]
  9030 | Gauntlet | Splashed by a small abomination's acid

Levels and vault maps discovered:
D:1:      dpeg_arrival_solitude, layout_loops_ring, xom_teletrap_fun
D:2:      layout_sewer, sewer_minmay_treatment
D:3:      ossuary_bcadren_due_volcanic, layout_rooms, serial_shops,
          kennysheep_mini_moat, first_ration, blue_anna_alchemist
          [blue_anna_fruit_fields, blue_anna_fruit_fields]
D:4:      layout_cross, temple_hall, gammafunk_ghost_cemetery, uniq_maurice,
          uniq_joseph
D:5:      layout_gridville, lemuel_crystal_altar, dpeg_oklobed_lair,
          enter_ossuary_4, hangedman_feature_mirror, tgw_kikubaaqudgha,
          uniq_josephine, uniq_nergalle
D:6:      layout_basic, bcadren_lemuel_inverted_doored_altar, erik_orc_2,
          gauntlet_entry_generic, portal_ice_cave_entry_pillars_1,
          serial_bayou_crossing
Temple:   nicolae_temple_god_jail
Lair:1:   layout_roguey
Lair:2:   layout_roguey, serial_bayou_pond_d
Lair:3:   layout_roguey, skrybe_swamp_entry_bodies, guppyfry_snake_entry_island,
          patterned_corridor, uniq_rupert
Lair:4:   lemuel_slime, layout_misc_corridors
Lair:5:   layout_gridlike
Lair:6:   grunt_lair_end_beastmaster, layout_long_grid,
          minmay_slime_entry_pillars, grunt_megastairs_5
Gauntlet: gammafunk_gauntlet_one_two_three
          [minmay_gauntlet_arena_make_your_own_arena,
          nicolae_gauntlet_arena_flowing_pool, gammafunk_gauntlet_arena_split_x,
          gammafunk_gauntlet_arena_corners, gammafunk_gauntlet_arena_chambers,
          gammafunk_gauntlet_arena_teeth, nicolae_gauntlet_arena_t_cross,
          nicolae_gauntlet_swirl, gammafunk_gauntlet_arena_grid,
          gauntlet_exit_hidden_loot]

Skill      XL: |  1  2  3  4  5  6  7  8  9 10 11 12 13 14 |
---------------+-------------------------------------------+-----
Unarmed Combat | 2 3 4 5 7 9 11 12 14 15 | 15.9
Fighting       | 2 3 4 5 7 8 9 10 11 | 11.6
Spellcasting   | 2 4 5 |  5.9
Dodging        | 3 4 5 6 |  6.1
Stealth        | 2 |  2.6
Invocations    | 5 8 10 11 12 | 12.5
Fire Magic     | |  1.5

Action                   |  1- 3 |  4- 6 |  7- 9 | 10-12 | 13-15 || total
-------------------------+-------+-------+-------+-------+-------++-------
Melee: Unarmed           |   219 |   664 |   427 |   616 |   571 ||  2497
       Tailslap          |     3 |    19 |    19 |    40 |    34 ||   115
Invok: Heroism           |       |       |       |     1 |     1 ||     2
       Finesse           |       |       |       |     1 |     1 ||     2
  Use: Scroll            |       |       |       |       |     1 ||     1
 Stab: Sleeping          |       |     1 |     6 |     8 |     1 ||    16
       Petrified         |       |       |       |       |     6 ||     6
  Eat: Chunk             |       |     4 |       |       |       ||     4
Armor: Skin              |     6 |    24 |    26 |   126 |   154 ||   336
Dodge: Dodged            |    78 |   179 |   120 |   140 |   115 ||   632
